 Dungeon Crawl Stone Soup version 0.22.0 (webtiles) character file.

83 DingoDongler the Skirmisher (level 4, -1/41 HPs)
             Began as a Gnoll Wanderer on Aug 16, 2018.
             Slain by an orc wizard
             ... wielding a +0 dagger of draining
              (2 damage)
             ... on level 3 of the Dungeon.
             The game lasted 00:08:10 (1705 turns).

DingoDongler the Skirmisher (Gnoll Wanderer)        Turns: 1705, Time: 00:08:12

Health: -1/41      AC:  2    Str: 13    XL:     4   Next: 44%
Magic:  8/8        EV: 11    Int: 18    God:    Xom [....*.]
Gold:   61         SH:  0    Dex: 13    Spells: 9/9 levels left

rFire    . . .     SeeInvis .   a - +2 spear
rCold    . . .     Gourm    .   (no shield)
rNeg     . . .     Faith    .   d - +0 robe
rPois    .         Spirit   .   (helmet restricted)
rElec    .         Reflect  .   (no cloak)
rCorr    +         Harm     .   (no gloves)
MR       +....                  (no boots)
Stlth    +.........             (no amulet)
HPRegen  0.13/turn              b - ring of resist corrosion
MPRegen  0.11/turn              (no ring)

@: heavily drained
A: distributed training, fangs 1, horns 1, magic resistance 1, strong nose
a: Renounce Religion


You were on level 3 of the Dungeon.
You worshipped Xom.
You were a beloved toy of Xom.
You were hungry.

You visited 1 branch of the dungeon, and saw 3 of its levels.

You collected 61 gold pieces.

Inventory:

Hand Weapons
 a - a +2 spear (weapon)
 j - a cursed -3 spear
 p - a +0 mace
Missiles
 i - 35 stones (quivered)
Armour
 d - a +0 robe (worn)
Jewellery
 b - a ring of resist corrosion (left hand)
 m - an uncursed ring of resist corrosion
Scrolls
 e - a scroll of immolation {unknown}
 n - a scroll of magic mapping {unknown}
 o - a scroll of identify {unknown}
 q - a scroll of teleportation {unknown}
 r - a scroll of fear {unknown}
Potions
 c - a potion of brilliance {unknown}
 h - a potion of mutation {unknown}
 k - a potion of curing {unknown}
 l - a potion of haste
Comestibles
 f - 2 rations


   Skills:
 + Level 6.6(4.7) Fighting
 + Level 1.1(0.0) Short Blades
 + Level 1.1(0.0) Long Blades
 + Level 1.1(0.0) Axes
 + Level 1.1(0.0) Maces & Flails
 + Level 1.1(0.0) Polearms
 + Level 1.1(0.0) Staves
 + Level 1.1(0.0) Slings
 + Level 1.1(0.0) Bows
 + Level 1.1(0.0) Crossbows
 + Level 1.1(0.0) Throwing
 + Level 1.1(0.0) Armour
 + Level 1.1(0.0) Dodging
 + Level 1.1(0.0) Stealth
 + Level 2.7(1.0) Shields
 + Level 1.1(0.0) Unarmed Combat
 + Level 3.0(1.2) Spellcasting
 + Level 0.8(0.0) Conjurations
 + Level 0.8(0.0) Hexes
 + Level 0.8(0.0) Charms
 + Level 5.4(3.6) Summonings
 + Level 0.8(0.0) Necromancy
 + Level 0.8(0.0) Translocations
 + Level 0.8(0.0) Transmutations
 + Level 0.8(0.0) Fire Magic
 + Level 0.8(0.0) Ice Magic
 + Level 0.8(0.0) Air Magic
 + Level 0.8(0.0) Earth Magic
 + Level 2.2(0.5) Poison Magic
 + Level 1.2(0.0) Invocations
 + Level 2.7(1.0) Evocations


You had 9 spell levels left.
You didn't know any spells.
Your spell library contained the following spells:

 Spells                   Type           Power        Failure   Level  Hunger
 Summon Small Mammal      Summ           ##..         4%          1    ##.....
 Sublimation of Blood     Necr           #.........   30%         2    ###....
 Corpse Rot               Necr           N/A          30%         2    ###....
 Call Canine Familiar     Summ           ##......     13%         3    ####...


Dungeon Overview and Level Annotations

Branches:
Dungeon (3/15)

Altars:
Xom


Innate Abilities, Weirdness & Mutations

Your experience applies equally to all skills.
You have very sharp teeth.
Your uncanny sense of smell can sniff out nearby items.
You have a pair of small horns on your head.
You are resistant to hostile enchantments. (MR+)


Message History

You are too injured to fight recklessly!
You are too injured to fight recklessly!
You are too injured to fight recklessly!
You miss something. Your headbutt misses something. Your bite misses something.
Something hits you.
You feel drained.
You hit something. Something hits you.
You feel drained.
You closely miss something. You headbutt something. Something hits you.
You feel drained.
You hit something.
You hear some strange, mumbled words.
A puff of flame appears from out of thin air!
The puff of flame hits you!
* * * LOW HITPOINT WARNING * * *
You miss something. Something hits you.
* * * LOW HITPOINT WARNING * * *
You feel drained.
* * * LOW HITPOINT WARNING * * *
Something hits you.
You die... "What!?
That's it?"

#.# #.#
#.# #.#
#.# #.#
#.# #.
#.#
##o####@#
#..o..#{#
#.[o#
#..##
#..# #..#
#..# #).#
#..#


You could see an orc.

Vanquished Creatures
  Jessica (D:2)
  An adder (D:2)
  An ooze (D:1)
  2 dart slugs
  2 orcs (D:3)
  2 ball pythons (D:1)
  8 bats
  2 giant cockroaches (D:1)
  4 goblins
  2 hobgoblins (D:1)
  2 jackals (D:2)
  2 kobolds (D:2)
  4 frilled lizards
  4 rats
37 creatures vanquished.

Notes
Turn   | Place    | Note
-------+----------+-------------------------------------------
     0 | D:1      | DingoDongler the Gnoll Wanderer began the quest for the Orb.
     0 | D:1      | DingoDongler set off with: a +2 spear, a +0 robe, a ration
     0 | D:1      | Reached XP level 1. HP: 23/23 MP: 4/4
    48 | D:1      | Found a shimmering altar of Xom.
    71 | D:1      | Became a worshipper of Xom of Chaos
   184 | D:1      | XOM: silly message
   370 | D:1      | Reached XP level 2. HP: 29/29 MP: 5/5
   587 | D:1      | XOM: enchant monster (good)
   741 | D:1      | Reached XP level 3. HP: 34/35 MP: 7/7
   942 | D:2      | XOM: snakes to sticks
   950 | D:2      | XOM: harmless Summ miscast
  1126 | D:2      | Reached skill level 1 in Invocations
  1145 | D:2      | XOM: 1-stop teleportation journey
  1358 | D:2      | Noticed Jessica
  1369 | D:2      | Killed Jessica
  1369 | D:2      | Reached skill level 1 in Short Blades
  1369 | D:2      | Reached skill level 1 in Long Blades
  1369 | D:2      | Reached skill level 1 in Axes
  1369 | D:2      | Reached skill level 1 in Maces & Flails
  1369 | D:2      | Reached skill level 1 in Polearms
  1369 | D:2      | Reached skill level 1 in Staves
  1369 | D:2      | Reached skill level 1 in Slings
  1369 | D:2      | Reached skill level 1 in Bows
  1369 | D:2      | Reached skill level 1 in Crossbows
  1369 | D:2      | Reached skill level 1 in Throwing
  1369 | D:2      | Reached skill level 1 in Armour
  1369 | D:2      | Reached skill level 1 in Dodging
  1369 | D:2      | Reached skill level 1 in Stealth
  1369 | D:2      | Reached skill level 1 in Unarmed Combat
  1369 | D:2      | Reached XP level 4. HP: 34/41 MP: 8/8
  1460 | D:2      | XOM: give mutations
  1460 | D:2      | Gained mutation: You are resistant to hostile enchantments. (MR+) [Xom's grace]
  1460 | D:2      | Gained mutation: You have a pair of small horns on your head. [Xom's grace]
  1501 | D:2      | XOM: divination: detect creatures
  1705 | D:3      | HP: 2/41 [something (3)]
  1705 | D:3      | Slain by an orc wizard

Skill      XL: |  1  2  3  4 |
---------------+-------------+-----
Poison Magic   | 2 |  2.2
Invocations    | 1 |  1.2
Short Blades   | 1 |  1.1
Long Blades    | 1 |  1.1
Axes           | 1 |  1.1
Maces & Flails | 1 |  1.1
Polearms       | 1 |  1.1
Staves         | 1 |  1.1
Slings         | 1 |  1.1
Bows           | 1 |  1.1
Crossbows      | 1 |  1.1
Throwing       | 1 |  1.1
Armour         | 1 |  1.1
Dodging        | 1 |  1.1
Stealth        | 1 |  1.1
Unarmed Combat | 1 |  1.1
Spellcasting   | 3 |  3.0
Fighting       | |  6.6
Shields        | |  2.7
Conjurations   | |  0.8
Hexes          | |  0.8
Charms         | |  0.8
Summonings     | |  5.4
Necromancy     | |  0.8
Translocations | |  0.8
Transmutations | |  0.8
Fire Magic     | |  0.8
Ice Magic      | |  0.8
Air Magic      | |  0.8
Earth Magic    | |  0.8
Evocations     | |  2.7

Action                   |  1- 3 |  4- 6 || total
-------------------------+-------+-------++-------
Melee: Spear             |   103 |    28 ||   131
       Bite              |     2 |       ||     2
       Headbutt          |       |     3 ||     3
  Use: Potion            |     3 |       ||     3
 Stab: Sleeping          |     6 |     1 ||     7
       Petrified         |     5 |       ||     5
  Eat: Chunk             |     1 |     1 ||     2
Armor: Robe              |    23 |     1 ||    24
Dodge: Dodged            |    61 |     6 ||    67
